 Dungeon Crawl Stone Soup version 0.31.0-11-ge490571c62 (webtiles) character file.

Game seed: 11375898977810950580

43 Arctor the Firebug (level 3, -4/19 HPs)
             Began as a Deep Elf Fire Elementalist on Feb 5, 2024.
             Killed by divine providence
             ... invoked by an orc priest
              (17 damage)
             ... on level 3 of the Dungeon.
             The game lasted 00:01:44 (2697 turns).

Arctor the Firebug (Deep Elf Fire Elementalist)     Turns: 2697, Time: 00:01:44

Health: -4/19      AC:  2    Str:  5    XL:     3   Next: 37%
Magic:  2/10       EV: 13    Int: 21    God:
Gold:   93         SH:  5    Dex: 15    Spells: 6/9 levels left

rFire   . . .        (no weapon)
rCold   . . .        (no shield)
rNeg    . . .        a - +0 robe
rPois   .            (no helmet)
rElec   .            (no cloak)
rCorr   .            (no gloves)
SInv    .            (no boots)
Will    .....        g - amulet of reflection
Stlth   ++           (no ring)
HPRegen 0.23/turn    (no ring)
MPRegen 0.12/turn

%: reflection
@: no status effects
A: no striking features
a: no special abilities


You were on level 3 of the Dungeon.
You visited 1 branch of the dungeon, and saw 3 of its levels.

You collected 93 gold pieces.

Inventory:

Missiles
 j - 4 atropa-tipped darts
Armour
 a - a +0 robe (worn)
Jewellery
 g - an amulet of reflection (around neck)
Scrolls
 d - a scroll of vulnerability
 h - a scroll of noise {unknown}
 k - 2 scrolls of teleportation {unknown}
 m - a scroll of torment {unknown}
Potions
 b - a potion of magic
 c - a potion of might {unknown}
 i - a potion of curing {unknown}
 l - a potion of berserk rage {unknown}


   Skills:
 + Level 3.0 Dodging
 + Level 3.1 Stealth
 + Level 3.5 Spellcasting
 + Level 1.9 Conjurations
 + Level 3.6 Fire Magic


You had 6 spell levels left.
You knew the following spells:

 Your Spells              Type           Power      Damage    Failure   Level
a - Foxfire               Conj/Fire      60%        2x1d7     4%          1
b - Scorch                Fire           38%        2d6       4%          2

Your spell library contained the following spells:

 Spells                   Type           Power      Damage    Failure   Level
 Sublimation of Blood     Necr           3%         N/A       19%         2
 Inner Flame              Hex/Fire       11%        N/A       19%         3
 Volatile Blastmotes      Fire/Tloc      22%        2d11      19%         3
 Gell's Gravitas          Tloc           3%         N/A       36%         3
 Teleport Other           Tloc           3%         N/A       36%         3
 Flame Wave               Conj/Fire      15%        2d7       36%         4
 Petrify                  Alch/Erth      3%         N/A       77%         4
 Irradiate                Conj/Alch      3%         3d12      93%         5
 Dispersal                Tloc           1%         N/A       100%        6


Dungeon Overview and Level Annotations

Branches:
Dungeon (3/15)

Altars:


Message History

The orc priest casts a cantrip, but nothing happens.
You conjure some foxfire!
The foxfire hits the orc but does no damage.
The orc is moderately wounded.
The foxfire hits the orc but does no damage.
The orc is moderately wounded.
You conjure some foxfire!
The foxfire hits the orc but does no damage.
The orc is moderately wounded.
The foxfire hits the orc but does no damage.
The orc is moderately wounded.
An orc comes into view. It is wielding a +0 club.
An orc comes into view. It is wielding a +0 mace.
You conjure some foxfire!
The foxfire hits the orc but does no damage.
The orc is moderately wounded.
The foxfire hits the orc.
The orc is heavily wounded.
You block the orc's attack.
Your foxfire dissipates!
The foxfire hits the orc.
The orc is severely wounded.
The orc completely misses you.
You closely miss the orc priest.
The orc priest is lightly wounded.
The orc priest hits you with a +0 club. The orc barely misses you.
As you read the scroll labelled CAETOF YSAJON, it dissolves into smoke.
It was a scroll of fog.
The orc hits you but does no damage. You block the orc's attack.
The orc priest hits you with a +0 club. The orc closely misses you.
As you read the scroll labelled ETZENU QUBITU, it crumbles to dust.
You hear the flapping of tiny wings.
The orc is knocked back by the sudden gust.
It was a scroll of butterflies.
Okay, then.
You swap places.
The orc priest invokes the aid of Beogh against you.
Beogh smites you!
Ouch! That really hurt!
You die...

### ### ....
..# #
....###.#.#
.....§#o#§#####
.....b§bbb.....
#.#..§#@###
#....bbb#..
#....bob#.#
##...#bb#.#
.... #..#.# .#.
##...########
..
+...........# .
##.##..####.#
#.....# .#


You could see an orc priest and an orc (ally target).

Vanquished Creatures
  A ribbon worm (D:2)
  4 dart slugs
  An endoplasm (D:1)
  A giant cockroach (D:1)
  4 goblins (D:1)
  3 hobgoblins
  4 jackals (D:1)
  A quokka (D:1)
  A ball python (D:1)
  5 bats
  2 frilled lizards
  2 kobolds
  A rat (D:1)
30 creatures vanquished.

Vanquished Creatures (others)
  241 foxfires
241 creatures vanquished.

Grand Total: 271 creatures vanquished

Notes
Turn   | Place    | Note
-------+----------+-------------------------------------------
     0 | D:1      | Arctor the Deep Elf Fire Elementalist began the quest for
                  | the Orb.
     0 | D:1      | Reached XP level 1. HP: 10/10 MP: 6/6
    78 | D:1      | Found Loengiff's Distillery.
   181 | D:1      | Reached XP level 2. HP: 15/15 MP: 1/8
   542 | D:1      | Learned a level 2 spell: Scorch
  1354 | D:2      | Reached XP level 3. HP: 19/19 MP: 5/9
  2697 | D:3      | Killed from afar by an orc priest

Illustrated notes

Levels and vault maps discovered:
D:1:      scummos_arrival_forest, layout_basic, serial_shops,
          nicolae_shop_getting_attention, minmay_tall_x
D:2:      layout_basic
D:3:      minmay_diamond_boxcup, layout_basic

Skill      XL: |  1  2  3 |
---------------+----------+-----
Stealth        | 3 |  3.1
Dodging        | 3 |  3.0
Spellcasting   | |  3.5
Conjurations   | |  1.9
Fire Magic     | |  3.6

Action                     || total
---------------------------++-------
  Melee: Unarmed           ||     1
   Cast: Foxfire           ||   146
    Use: Scroll            ||     3
 Armour: Robe              ||     3
  Dodge: Dodged            ||     7
  Block: Other             ||     2
